 Dungeon Crawl Stone Soup version 0.29-a0-1039-gfc20370e89 (webtiles) character file.

Game seed: 11219740000042792844

184 BritishOli the Trooper (level 5, -3/42 HPs)
             Began as a Demonspawn Fighter on Aug 15, 2022.
             Slain by an orc
             ... wielding a +0 war axe
              (7 damage)
             ... on level 4 of the Dungeon.
             The game lasted 00:03:06 (3254 turns).

BritishOli the Trooper (Demonspawn Fighter)         Turns: 3254, Time: 00:03:06

Health: -3/42      AC: 11    Str: 18    XL:     5   Next: 36%
Magic:  5/5        EV:  5    Int:  9    God:
Gold:   107        SH:  4    Dex: 13    Spells: 4/4 levels left

rFire   . . .      SeeInvis .   a - +0 long sword
rCold   . . .      Faith    .   c - +0 buckler
rNeg    . . .      Spirit   .   g - +0 plate armour
rPois   .          Reflect  .   (helmet restricted)
rElec   .          Harm     .   (no cloak)
rCorr   .          Rampage  .   (no gloves)
Will    .....                   (no boots)
Stlth   ..........              (no amulet)
HPRegen 0.14/turn               (no ring)
MPRegen 0.09/turn               (no ring)

@: no status effects
A: horns 2, demonic guardian 1
a: no special abilities


You were on level 4 of the Dungeon.
You visited 1 branch of the dungeon, and saw 5 of its levels.

You collected 107 gold pieces.

Inventory:

Hand Weapons
 a - a +0 long sword (weapon)
Missiles
 m - 2 throwing nets (quivered)
Armour
 b - a +0 scale mail
 c - a +0 buckler (worn)
 g - a +0 plate armour (worn)
Jewellery
 n - a ring of ice
Scrolls
 f - a scroll of enchant armour {unknown}
 j - a scroll of torment {unknown}
 l - a scroll of silence {unknown}
 p - a scroll of immolation {unknown}
 q - a scroll of teleportation {unknown}
 r - 3 scrolls of butterflies {unknown}
 s - 2 scrolls of vulnerability {unknown}
 t - 2 scrolls of poison {unknown}
 u - a scroll of blinking {unknown}
Potions
 d - a potion of might
 e - a potion of mutation {unknown}
 h - a potion of heal wounds {unknown}
 i - 2 potions of flight {unknown}
 k - a potion of degeneration {unknown}
 o - 2 potions of curing {unknown}
 v - a potion of brilliance {unknown}


   Skills:
 * Level 4.0 Fighting
 * Level 3.1 Long Blades
 * Level 3.7 Armour
 + Level 3.3 Shields


You had 4 spell levels left.
You didn't know any spells.
Your spell library contained the following spells:

 Spells                   Type           Power      Damage    Failure   Level
 Beastly Appendage        Tmut           0%         N/A       100%        1
 Slow                     Hex            0%         N/A       100%        1
 Wereblood                Tmut           0%         N/A       100%        2
 Confusing Touch          Hex            0%         N/A       100%        3
 Spider Form              Tmut/Pois      0%         N/A       100%        3
 Vampiric Draining        Necr           0%         2d6       100%        3


Dungeon Overview and Level Annotations

Branches:
Dungeon (5/15)
 Temple: D:4-7

Altars:


Innate Abilities, Weirdness & Mutations

You have a pair of horns on your head.
A weak demonic guardian rushes to your aid.


Message History

The hound is lightly wounded.
The hound bites you but does no damage. The hound completely misses you.
The orc barely misses you. The orc hits you but does no damage.
There are monsters nearby!
You barely miss the hound. Your headbutt misses the hound.
The hound is lightly wounded.
The hound bites you. You block the orc's attack.
The orc hits you with a +0 short sword. The hound barely misses you.
There are monsters nearby!
You are too injured to fight recklessly!
There are monsters nearby!
You are too injured to fight recklessly!
You are too injured to fight recklessly!
You are too injured to fight recklessly!
There are monsters nearby!
You barely miss the orc. You headbutt the orc!
You kill the orc!
You block the hound's attack. The orc hits you but does no damage.
The hound bites you. The orc closely misses you.
Items here: )) [[.
You are too injured to fight recklessly!
You closely miss the orc. The hound bites you but does no damage.
The orc hits you with a +0 war axe.
* * * LOW HITPOINT WARNING * * *
The hound bites you but does no damage. The orc hits you with a +0 war axe.
* * * LOW HITPOINT WARNING * * *
You barely miss the orc.
The hound bites you but does no damage. x2
You block the orc's attack.
You closely miss the orc. The hound bites you.
* * * LOW HITPOINT WARNING * * *
The orc hits you with a +0 war axe.
* * * LOW HITPOINT WARNING * * *
A demonic guardian appears!
The hound bites you but does no damage.
You hit the orc but do no damage. You headbutt the orc.
The orc is heavily wounded.
The hound bites you but does no damage. You block the orc's attack.
The orc misses your shadow imp. The hound bites you but does no damage.
Your shadow imp hits the hound.
The orc hits you with a +0 war axe!
You die...

♣........###..
♣♣..........>..
♣♣............## PP
♣.#...........## ..
♣##.......(......#
PP♣♣♣.#...............
♣♣....##..............
♣♣♣......#..#..........#
......5@.#..##.........#
...<..ho....##....♣♣♣.##
............###..♣.♣♣♣♣
............# ###♣.P.♣♣#
............# ♣....P♣
............# ♣♣P..♣♣
............# ♣..PP.P
##.....###..# ♣♣.♣PP.
###### #..# ♣♣♣P.♣


You could see a hound (ally target), an orc and a friendly shadow imp
(summoned).

Vanquished Creatures
  A scorpion (D:4)
  3 gnolls (D:4)
  3 adders
  2 orcs (D:4)
  6 endoplasms
  A giant cockroach (D:2)
  7 goblins
  3 hobgoblins (D:1)
  6 jackals
  2 quokkas
  11 ball pythons
  4 bats
  A frilled lizard (D:1)
  7 kobolds
  7 rats
64 creatures vanquished.

Notes
Turn   | Place    | Note
-------+----------+-------------------------------------------
     0 | D:1      | BritishOli the Demonspawn Fighter began the quest for the
                  | Orb.
     0 | D:1      | Reached XP level 1. HP: 18/18 MP: 1/1
   417 | D:1      | Gained mutation: You have a pair of small horns on your
                  | head. [demonic ancestry]
   417 | D:1      | Reached XP level 2. HP: 20/24 MP: 2/2
  1041 | D:1      | Reached XP level 3. HP: 21/29 MP: 3/3
  1250 | D:1      | Found a faded altar of an unknown god.
  2019 | D:2      | Gained mutation: You have a pair of horns on your head.
                  | [demonic ancestry]
  2019 | D:2      | Reached XP level 4. HP: 35/35 MP: 4/4
  2480 | D:3      | You fall into a shaft and drop 2 floors!
  2480 | D:5      | Entered Level 5 of the Dungeon
  3138 | D:4      | Noticed a scorpion
  3143 | D:4      | Killed a scorpion
  3144 | D:4      | Reached skill level 4 in Fighting
  3144 | D:4      | Gained mutation: A weak demonic guardian rushes to your
                  | aid. [demonic ancestry]
  3144 | D:4      | Reached XP level 5. HP: 42/42 MP: 5/5
  3254 | D:4      | Slain by an orc

Illustrated notes

Levels and vault maps discovered:
D:1:      scummos_arrival_hexagon, layout_basic,
          dreamdust_ecumenical_altar_hidden_monk_grotto,
          hangedman_abyss_or_decor_stabs
D:2:      layout_basic
D:3:      layout_basic, bh_walls_and_bars
D:4:      layout_cave_pods, mainiacjoe_overflow_24_doors, serial_forest,
          infiniplex_forest_split, infiniplex_forest_zigzag_1,
          infiniplex_forest_end_3, infiniplex_forest_clump_cross,
          infiniplex_forest_zigzag_2, infiniplex_forest_clump_small,
          infiniplex_forest_straight_1, kennysheep_boxes
D:5:      layout_loops_ring, gammafunk_temple_overflow_forgotten,
          minmay_misc_feat_plants

Skill      XL: |  1  2  3  4 |
---------------+-------------+-----
Long Blades    | 2 3 |  3.1
Armour         | 3 |  3.7
Shields        | 3 |  3.3
Fighting       | 4 |  4.0

Action                   |  1- 3 |  4- 6 || total
-------------------------+-------+-------++-------
Melee: Long sword        |   134 |    60 ||   194
       Headbutt          |    14 |     9 ||    23
Armor: Plate armour      |   107 |    54 ||   161
Dodge: Dodged            |    35 |    19 ||    54
Block: Buckler           |    27 |    17 ||    44

Table legend: (Time is in decaauts)
 A = Elapsed time spent in this place.
 B = Non-inter-level travel time spent in this place.
 C = Inter-level travel time spent in this place.
 D = Time resting spent in this place.
 E = Time spent auto-exploring this place.
 F = Levels seen in this place.
 G = Mean time per level.
                   A        B        C        D        E       F      G
               +--------+--------+--------+--------+--------+-----+--------+
         Total |   3332 |   3272 |     60 |    133 |   2642 |   5 |  666.4 |
       Dungeon |   3332 |   3272 |     60 |    133 |   2642 |   5 |  666.4 |
               +--------+--------+--------+--------+--------+-----+--------+

Top non-repeatable levels by time:
     D:1: 1294 daAuts
     D:2: 1228 daAuts
     D:4: 730 daAuts
     D:5: 75 daAuts
     D:3: 2 daAuts
